 Dungeon Crawl Stone Soup version 0.31-a0-705-ga145531891 (webtiles) character file.

Game seed: 475838795310490138

516039 Joey1 the Slayer (level 24, -3/238 HPs)
             Began as a Minotaur Berserker on Sept 7, 2023.
             Was the Champion of Trog.
             Killed from afar by an acid blob (7 damage)
             ... with a splash of acid
             ... created by the Royal Jelly
             ... on level 5 of the Pits of Slime on Sept 9, 2023.
             The game lasted 03:39:59 (63503 turns).

Joey1 the Slayer (Minotaur Berserker)              Turns: 63503, Time: 03:40:00

Health: -3/238     AC: 20    Str: 40    XL:     24   Next: 49%
Magic:  22/22      EV: 15    Int:  3    God:    Trog [******]
Gold:   3943       SH: 16    Dex: 16    Spells: 23/23 levels left

rFire   + + .        b - +9 broad axe (heavy)
rCold   + + +        k - +2 shield of Resistance {rF++ rC++ Will++}
rNeg    + + +        r - +9 crystal plate armour of Nemelex Xobeh's Favour {+Inv Regen+}
rPois   .            p - +2 hat of the Beginning {Dex+4}
rElec   +            y - +0 cloak "Ogafozuh" {rElec rN++ Will- SInv}
rCorr   +            d - +1 pair of gloves "Wyles" {Str+2 SInv Stlth+}
SInv    +            a - +3 pair of mountain boots {steadfast, rC+}
Will    +++++        J - amulet of the Four Winds {rN+ Will+++ Clar} Stlth
                     V - ring "Sogudaf" {*Corrode Fly rN++ Dex+3 Slay+4}
HPRegen 1.39/turn    M - ring of resist corrosion
MPRegen 0.18/turn

%: corrode self (3%), clarity
@: mighty, engulfed (cannot breathe), corroded, flying, hasted, studying Unarmed
Combat, very quick
A: horns 2, retaliatory headbutt, fangs 1, berserk 1, strong 1, subdued magic 2
}: 2/15 runes: barnacled, gossamer
a: Renounce Religion, Evoke Invisibility, Berserk, Trog's Hand, Brothers in Arms


You were on level 5 of the Pits of Slime.
You worshipped Trog.
Trog was exalted by your worship.
You visited 10 branches of the dungeon, and saw 47 of its levels.
You visited 1 bazaar.
You also visited: Trove, Sewer, Gauntlet, Volcano and Wizlab.

You collected 6092 gold pieces.
You spent 2149 gold pieces at shops.

Inventory:

Hand Weapons
 b - a +9 heavy broad axe (weapon)
 F - the +6 shillelagh "Devastator" {shatter}
   (You found it on level 7 of the Dungeon)
Missiles
 s - 13 throwing nets
 W - 44 javelins
Armour
 a - the +3 pair of mountain boots (worn) {steadfast, rC+}
   (You acquired it on level 2 of the Depths)

   Steadfast: It prevents involuntary movement, except for blinking,
   teleportation, or banishment.
   rC+:       It protects you from cold.
 d - the +1 pair of gloves "Wyles" (worn) {Str+2 SInv Stlth+}
   (You found it in a treasure trove)

   Str+2:     It affects your strength (+2).
   SInv:      It lets you see invisible.
   Stlth+:    It makes you more stealthy.
 f - the +1 cloak of Starlight {*Dazzle EV+4 Stlth--}
   (You found it in a treasure trove)

   *Dazzle:   It may blind those who miss an attack against the wearer in melee
   combat.
   EV+4:      It affects your evasion (+4).
   Stlth--:   It makes you much less stealthy.
 k - the +2 shield of Resistance (worn) {rF++ rC++ Will++}
   (You found it in a treasure trove)

   rF++:      It greatly protects you from fire.
   rC++:      It greatly protects you from cold.
   Will++:    It greatly increases your willpower.
 p - the +2 hat of the Beginning (worn) {Dex+4}
   (You found it in a treasure trove)

   Dex+4:     It affects your dexterity (+4).
 r - the +9 crystal plate armour of Nemelex Xobeh's Favour (worn) {+Inv Regen+}
   (You acquired it on level 4 of the Depths)

   +Inv:      It lets you turn invisible.
   Regen+:    It increases your rate of health regeneration.
 v - a +4 tower shield
 y - the +0 cloak "Ogafozuh" (worn) {rElec rN++ Will- SInv}
   (You found it in a wizard's laboratory)

   rElec:     It insulates you from electricity.
   rN++:      It greatly protects you from negative energy.
   Will-:     It decreases your willpower.
   SInv:      It lets you see invisible.
 C - the +0 pair of gloves of Honour {+Inv rElec}
   (You found it on level 1 of the Spider Nest)

   rElec:     It insulates you from electricity.
   +Inv:      It lets you turn invisible.
 T - the +2 cloak of Oblivion {Int+3 Slay+2}
   (You found it in a wizard's laboratory)

   Int+3:     It affects your intelligence (+3).
   Slay+2:    It affects your accuracy & damage with ranged weapons and melee
   (+2).
 Z - the +2 cloak of the Thief {*Fog Slay-2 SInv Stlth+}
   (You found it in a volcano)

   *Fog:      It may release a thick cloud of smoke when the wearer is hurt.
   Slay-2:    It affects your accuracy & damage with ranged weapons and melee
   (-2).
   SInv:      It lets you see invisible.
   Stlth+:    It makes you more stealthy.
Jewellery
 m - a ring of poison resistance
 u - the ring "Zetzeschueg" {Wiz rElec Will+++ Str-2}
   (You found it in a Gauntlet)

   [ring of wizardry]

   Wiz:       It improves your spell success rate.
   Str-2:     It affects your strength (-2).
   rElec:     It insulates you from electricity.
   Will+++:   It greatly increases your willpower.
 J - the amulet of the Four Winds (around neck) {rN+ Will+++ Clar}
   (You took it off a minotaur in a Gauntlet)

   [amulet of nothing]

   rN+:       It protects you from negative energy.
   Will+++:   It greatly increases your willpower.
   Clar:      It protects you from confusion, rage, mesmerisation and fear.
 M - a ring of resist corrosion (right hand)
 V - the ring "Sogudaf" (left hand) {*Corrode Fly rN++ Dex+3 Slay+4}
   (You found it on level 5 of the Lair of Beasts)

   [ring of slaying]

   Dex+3:     It affects your dexterity (+3).
   Slay+4:    It affects your accuracy & damage with ranged weapons and melee
   (+4).
   rN++:      It greatly protects you from negative energy.
   Fly:       It grants you flight.
   *Corrode:  It may corrode you when you take damage.
Wands
 l - a wand of polymorph (23)
 n - a wand of flame (121)
 q - a wand of digging (17)
 I - a wand of roots (31)
 O - a wand of quicksilver (42)
 R - a wand of mindburst (25)
Scrolls
 e - 2 scrolls of revelation
 h - 16 scrolls of teleportation
 D - 5 scrolls of blinking
 E - 2 scrolls of brand weapon
 H - 2 scrolls of butterflies
 L - 2 scrolls of silence
 Q - 8 scrolls of fog
 S - 6 scrolls of fear
 Y - 4 scrolls of immolation
Potions
 c - 10 potions of haste
 i - 14 potions of enlightenment
 j - 4 potions of berserk rage
 t - 6 potions of heal wounds
 w - 2 potions of invisibility
 x - 19 potions of curing
 z - 5 potions of cancellation
 A - 11 potions of mutation
 G - 8 potions of might
 N - 13 potions of lignification
 P - 8 potions of resistance
 U - 13 potions of ambrosia
 X - 5 potions of attraction
Miscellaneous
 o - a lightning rod (4/4)
 B - a phial of floods
 K - a phantom mirror


   Skills:
 - Level 24.0 Fighting
 - Level 23.1 Axes
 + Level 13.6 Throwing
 - Level 16.0 Armour
 - Level 16.0 Dodging
 - Level 17.0 Shields
 - Level 20.0 Evocations


You had 23 spell levels left.
You didn't know any spells.
Your spell library was empty.

Dungeon Overview and Level Annotations

Branches:
Dungeon (15/15)            Temple (0/1) D:6            Lair (5/5) D:10
 Shoals (4/4) Lair:2       Spider (4/4) Lair:3        Slime (5/5) Lair:4
    Orc (2/2) D:10            Elf (3/3) Orc:2        Vaults (4/5) D:14
  Crypt (0/3) Vaults:3     Depths (4/4) D:15           Hell (visited)
    Zot (0/5) Depths:4      Sewer (visited)         Volcano (visited)
 WizLab (visited)         Gauntlet (visited)
    Dis: Hell:1         Geh: Hell:1         Coc: Hell:1         Tar: Hell:1

Altars:
Ashenzari
Dithmenos
Elyvilon
Gozag
Hepliaklqana
Kikubaaqudgha
Nemelex Xobeh
Okawaru
Qazlal
Ru
Sif Muna
Vehumet
Wu Jian
Xom
Yredelemnul
Zin
Jiyva
Lugonu

Shops:
D:3 [   D:10 !   Orc:2 [((   Elf:2 :   Shoals:1 :   Vaults:3 *   Vaults:4 *

Portals:
Hell: Depths:1 Depths:2 Depths:3
Abyss: Depths:2 Depths:3
Pandemonium: Depths:1 Depths:2 Depths:3 Depths:4

Annotations:
D:3 3 runed translucent doors, GreenGuy14's ghost, amateur DrEn
D:4 1 runed translucent door, Crazy Yiuf
D:9 exclusion: ice statue
Slime:5 Royal Jelly
Hell Geryon


Innate Abilities, Weirdness & Mutations

You have a pair of horns on your head.
You reflexively headbutt those who attack you in melee.
You have very sharp teeth.
You sometimes lose your temper in combat.
Your muscles are strong. (Str +4, Int/Dex -1)
Your spells are easier to cast, but less powerful.


Message History

The quicksilver ooze barely misses you. The acid blob spits acid at you.
The splash of acid hits you. You resist.
* * * LOW HITPOINT WARNING * * *
The acid corrodes you! The acid blob spits acid at you.
You block the splash of acid. The acid blob hits you!
* * * LOW HITPOINT WARNING * * *
You are splashed with acid.
You resist.
* * * LOW HITPOINT WARNING * * *
The rockslime hits you!!
* * * LOW HITPOINT WARNING * * *
You hold your ground!
Okay, then.
Okay, then.
You cannot read scrolls while unable to breathe!
You feel much better.
* * * LOW HITPOINT WARNING * * *
Your lungs strain for air!
The quicksilver ooze misses you. x2; You block the acid blob's attack.
The acid blob misses you. You furiously retaliate!
You headbutt the acid blob, but do no damage.
The azure jelly jiggles.
The acid blob hits you!
* * * LOW HITPOINT WARNING * * *
The acid corrodes you!
You are splashed with acid.
You resist.
* * * LOW HITPOINT WARNING * * *
You feel much better.
* * * LOW HITPOINT WARNING * * *
Your lungs strain for air!
You block the quicksilver ooze's attack. x2
You block the rockslime's attack. The rockslime hits you!
* * * LOW HITPOINT WARNING * * *
You hold your ground!
The acid blob barely misses you. The acid blob hits you!!
* * * LOW HITPOINT WARNING * * *
You are splashed with acid.
You resist.
* * * LOW HITPOINT WARNING * * *
The acid blob spits acid at you. The splash of acid hits you! You resist.
You die...

#...#..............# ###
##.#...(........#
##.............# ...##
##............# ....
#............# #...
##J..........# ....
##JJJ.........# ...##
#JJJJJ.......# ....#
###J@JJJ.......# #...##
#..JJJJ........# .....#
###...JJ........## ....####
#...............#
.....#.####...............#
..........................#
..........................#
.........................##
.........................#


You could see the Royal Jelly, 7 acid blobs, 6 azure jellies, 2 rockslimes and 3
quicksilver oozes.

Vanquished Creatures
  Mennas (Vaults:3)
  Josephina (Depths:3)
  Sojobo (Vaults:3)
  4 caustic shrikes
  A golden dragon (Depths:4)
  Arachne (Spider:4)
  3 hellephants (Depths:1)
  2 tentacled monstrosities
  Rupert (Spider:1)
  3 liches
  Asterion (Spider:4)
  4 deep elf blademasters
  4 sphinxes
  2 titans
  9 acid blobs
  2 deep elf master archers (Elf:3)
  5 krakens
  A tentacled starspawn (WizLab)
  An eldritch tentacle (WizLab)
  Gastronok (D:12)
  A draconian monk (Depths:3)
  4 tengu reavers
  7 frost giants
  7 rockslimes
  6 azure jellies
  The ghost of Puukheko the Impaler, an adept MfGl of Makhleb (Spider:1)
  7 emperor scorpions (Spider:4)
  A fire giant (Depths:2)
  A draconian shifter (Depths:2)
  A draconian knight (Depths:4)
  5 ghost moths
  11 vault wardens
  10 deep elf sorcerers
  A curse skull (Depths:2)
  7 orc warlords
  5 deep elf elementalists (Elf:3)
  A draconian annihilator (Depths:2)
  5 spriggan defenders
  5 broodmothers
  4 ironbound thunderhulks
  A war gargoyle (Vaults:3)
  A formless jellyfish (shapeshifter) (Depths:2)
  3 formless jellyfish
  8 stone giants
  2 quicksilver oozes (Slime:5)
  29 very ugly things
  11 ironbound preservers
  3 green draconians (Depths:4)
  3 deep elf demonologists
  A black draconian (Depths:4)
  11 dire elephants
  A minotaur (Gauntlet)
  9 deep elf annihilators
  7 spark wasps
  A yellow draconian (Depths:4)
  An eidolon (WizLab)
  A white draconian (Depths:4)
  4 deep elf death magi (Elf:3)
  7 fire dragons
  2 jiangshi (Depths:1)
  2 merfolk javelineers (Shoals:4)
  12 merfolk impalers
  5 ettins
  2 entropy weavers
  6 great orbs of eyes
  6 yaktaur captains
  3 deep elf high priests
  An ogre mage (Depths:2)
  8 vault guards
  5 hydras
  Erica (D:10)
  A rakshasa (Depths:1)
  2 peacekeepers
  7 spriggan air magi
  3 alligator snapping turtles
  7 ice dragons
  3 merfolk avatars
  4 jorogumos
  Erolcha (D:9)
  An alligator (Shoals:2)
  4 catoblepae
  8 ironbound frosthearts
  8 radroaches
  2 merfolk aquamancers (Shoals:4)
  15 centaur warriors
  A satyr (Shoals:3)
  9 boulder beetles
  4 deep troll earth magi (Depths:3)
  45 dancing weapons
  3 two-headed ogres
  9 tengu warriors
  A vampire mage (Depths:1)
  A death yak (Lair:5)
  11 demonic crawlers
  2 deep troll shamans
  8 orc high priests
  3 hell hogs (Depths:1)
  Urug (D:13)
  5 spriggan berserkers
  Nergalle (Lair:3)
  8 sun demons
  9 soul eaters
  3 spriggans (Depths:2)
  A hell knight (WizLab)
  2 thrashing horrors (WizLab)
  12 deep elf knights
  Sonja (Lair:2)
  4 iron trolls
  2 fire crabs (Gauntlet)
  2 sixfirhies
  A flayed ghost (Depths:1)
  A sea snake (shapeshifter) (Elf:2)
  A sun moth (Spider:4)
  A glowing orange brain (shapeshifter) (Vaults:3)
  2 salamander mystics (Depths:3)
  5 pharaoh ants
  15 sea snakes
  An obsidian statue (WizLab)
  10 orb spiders
  A spriggan simulacrum (Depths:3)
  2 glowing orange brains
  13 ironbound convokers
  A shadow demon (Depths:4)
  17 lindwurms
  24 deep trolls
  Pikel (D:4)
  A wolf spider zombie (D:15)
  5 steelbarb worms
  18 orc knights
  14 wizards
  12 harpies
  5 necromancers
  17 deep elf archers
  20 wolf spiders
  4 shining eyes
  A tengu skeleton (Vaults:1)
  29 deep elf pyromancers
  25 deep elf zephyrmancers
  44 ugly things
  17 manticores
  13 fauns
  5 salamanders (Depths:3)
  9 orc sorcerers
  3 moths of wrath
  5 elephants
  Maurice (D:8)
  12 cyclopes
  2 rust devils
  A naga mage (D:15)
  8 merfolk sirens
  A worldbinder (WizLab)
  6 black mambas
  3 orange demons
  11 vault sentinels
  A titan simulacrum (Depths:3)
  5 water nymphs
  A centaur skeleton (D:15)
  3 torpor snails
  A gargoyle (D:11)
  A torpor snail (shapeshifter) (Vaults:4)
  Jeremiah (D:9)
  2 large abominations (WizLab)
  Maggie (D:6)
  3 smoke demons
  8 cane toads
  25 yaktaurs
  A yaktaur skeleton (Vaults:1)
  9 rime drakes
  Psyche (D:12)
  A golden dragon simulacrum (Depths:3)
  A tormentor (Depths:3)
  2 ancient zymes (WizLab)
  6 tengu conjurers
  An ice devil (Depths:3)
  8 komodo dragons
  9 trolls
  2 efreet
  2 red devils
  3 meliai (Spider:2)
  31 merfolk
  2 hellwings
  A burning bush (Lair:1)
  4 hornets
  A hornet (shapeshifter) (Vaults:4)
  10 polar bears
  A queen bee (D:10)
  Prince Ribbit (D:5)
  6 wind drakes
  21 tarantellas
  A tengu simulacrum (Depths:3)
  8 snapping turtles
  A polar bear (shapeshifter) (Vaults:4)
  A raiju (Lair:5)
  21 blink frogs
  13 dream sheep
  8 flying skulls (Gauntlet)
  A slime creature (shapeshifter) (Depths:4)
  19 jumping spiders
  75 slime creatures
  A spriggan (shapeshifter) (D:13)
  18 culicivoras
  A vampire (D:12)
  Sigmund (D:6)
  A centaur simulacrum (D:14)
  9 wyverns
  A small abomination (WizLab)
  15 water elementals
  3 wraiths
  58 yaks
  6 steam dragons
  9 basilisks
  4 fire elementals
  Eustachio (D:5)
  7 fire bats (Gauntlet)
  3 golden eyes (Slime:3)
  A chaos spawn (WizLab)
  A neqoxec (Depths:3)
  5 spatial vortices (WizLab)
  19 wargs
  6 vampire mosquitoes
  43 redbacks
  6 acid dragons
  14 water moccasins
  A human skeleton (Vaults:1)
  17 hell hounds
  A swamp drake (Orc:1)
  2 sky beasts
  8 black bears (Lair:5)
  27 orc warriors
  10 ogres
  6 boggarts
  34 wolves
  15 centaurs
  2 phantoms
  2 lemures (D:4)
  A kobold brigand (D:6)
  Blork the orc (D:6)
  10 bullfrogs
  2 gnoll sergeants
  2 scorpions
  3 earth elementals
  13 wights
  A human simulacrum (Vaults:1)
  28 killer bees
  6 electric eels
  A crimson imp (Orc:1)
  5 hounds
  6 jellies
  3 gnoll boudas
  36 orc priests
  An iron imp (Orc:1)
  2 iguanas
  21 orc wizards
  A sleepcap (D:4)
  Natasha (thrice) (D:4)
  A boggart zombie (D:15)
  9 hell rats (Lair:3)
  A boggart skeleton (D:15)
  Robin (D:2)
  24 gnolls
  8 adders
  5 river rats (Sewer)
  4 shadow imps
  5 white imps
  2 worms
  4 dart slugs
  116 orcs
  12 bats
  6 endoplasms
  8 giant cockroaches
  18 goblins
  9 hobgoblins
  11 jackals
  12 kobolds
  5 quokkas
  11 ball pythons
  5 frilled lizards
  10 rats
  2 spectral weapons (Spider:4)
  A starspawn tentacle (WizLab)
  17 tentacles
2032 creatures vanquished.

Vanquished Creatures (collateral kills)
  An ancient lich (Depths:2)
  Nikola (Shoals:2)
  Roxanne (Spider:1)
  A yaktaur captain (Vaults:3)
  2 death yaks (Lair:5)
  A skyshark (Shoals:2)
  An elephant (Lair:2)
  A cane toad (Lair:5)
  A rime drake (Lair:5)
  A merfolk (Shoals:2)
  A dream sheep (Lair:5)
  2 polar bears (Lair:5)
  A hell hound (Lair:5)
  3 black bears (Lair:5)
18 creatures vanquished.

Vanquished Creatures (others)
  A tengu reaver (Vaults:3)
  A shadow dragon (Depths:4)
  A merfolk avatar (Shoals:2)
  A deep elf zephyrmancer (Elf:2)
  An ugly thing (D:14)
  A snapping turtle (Shoals:2)
  A human (Depths:2)
  A starspawn tentacle (WizLab)
  17 tentacles
25 creatures vanquished.

Grand Total: 2075 creatures vanquished

Notes
Turn   | Place    | Note
-------+----------+-------------------------------------------
     0 | D:1      | Joey1 the Minotaur Berserker began the quest for the Orb.
     0 | D:1      | Reached XP level 1. HP: 19/19 MP: 0/0
   170 | D:1      | Reached XP level 2. HP: 25/27 MP: 1/1
   384 | D:1      | Reached skill level 4 in Fighting
   579 | D:1      | Reached XP level 3. HP: 32/33 MP: 2/2
   991 | D:1      | You fall into a shaft and drop 1 floor!
  1314 | D:2      | Noticed Robin
  1328 | D:2      | Killed Robin
  1474 | D:2      | Reached XP level 4. HP: 36/41 MP: 3/3
  1702 | D:2      | Reached ** piety under Trog
  2453 | D:3      | Found a runed translucent gate.
  2454 | D:3      | Found a runed translucent gate.
  2455 | D:3      | Found a runed translucent gate.
  2456 | D:3      | Noticed GreenGuy14's ghost (amateur DrEn)
  2658 | D:3      | Found Ituakk's Antique Armour Emporium.
  3210 | D:4      | Noticed a phantom
  3210 | D:4      | Found a sparkling altar of Nemelex Xobeh.
  3221 | D:4      | Killed a phantom
  3222 | D:4      | Reached skill level 5 in Fighting
  3222 | D:4      | Reached skill level 5 in Axes
  3222 | D:4      | Reached XP level 5. HP: 43/48 MP: 4/4
  3359 | D:4      | Identified the +6 mace "Beetleslayer" {heavy, rF++}
  3608 | D:4      | Noticed Pikel
  3608 | D:4      | Noticed a lemure
  3609 | D:4      | Noticed a lemure
  3612 | D:4      | Killed a lemure
  3615 | D:4      | Noticed a lemure
  3616 | D:4      | Killed a lemure
  3618 | D:4      | Noticed a lemure
  3628 | D:4      | Killed Pikel
  3629 | D:4      | Reached skill level 5 in Dodging
  3629 | D:4      | Reached XP level 6. HP: 51/56 MP: 5/5
  3629 | D:4      | Reached XP level 7. HP: 56/61 MP: 6/6
  4265 | D:4      | Noticed Natasha
  4271 | D:4      | Killed Natasha
  4347 | D:4      | Found an ornate altar of the Wu Jian Council.
  4390 | D:4      | Noticed Natasha
  4399 | D:4      | Killed Natasha
  4428 | D:4      | Noticed Natasha
  4436 | D:4      | Killed Natasha
  4929 | D:4      | Found a runed translucent door.
  4930 | D:4      | Noticed Crazy Yiuf
  4959 | D:5      | Entered Level 5 of the Dungeon
  5179 | D:5      | Reached skill level 10 in Axes
  5179 | D:5      | Reached XP level 8. HP: 27/68 MP: 7/7
  5201 | D:5      | Upgraded the game from 0.31-a0-700-gf13585253f to
                  | 0.31-a0-702-gf82c85558f
  5514 | D:5      | Noticed Eustachio
  5535 | D:5      | Killed Eustachio
  5716 | D:5      | Reached *** piety under Trog
  5761 | D:5      | Noticed Prince Ribbit
  5786 | D:5      | Killed Prince Ribbit
  6170 | D:5      | Found a white marble altar of Elyvilon.
  6357 | D:5      | Found a broken altar of Ashenzari.
  6499 | D:5      | Identified a scroll of acquirement
  6514 | D:6      | Noticed Maggie
  6526 | D:6      | Killed Maggie
  6527 | D:6      | Reached XP level 9. HP: 74/74 MP: 8/8
  6527 | D:6      | Found a staircase to the Ecumenical Temple.
  6587 | D:6      | Noticed Sigmund
  6593 | D:6      | Noticed Blork the orc
  6766 | D:6      | Found a stormy altar of Qazlal.
  6791 | D:6      | Noticed a troll
  6815 | D:6      | Killed a troll
  6996 | D:6      | Found a glowing drain.
  7001 | Sewer    | Entered a sewer
  7418 | Sewer    | Reached **** piety under Trog
  7531 | D:6      | Killed Blork the orc
  7543 | D:6      | Killed Sigmund
  7544 | D:6      | Reached skill level 15 in Axes
  8186 | D:7      | Found the +6 shillelagh "Devastator" {shatter}
  8212 | D:7      | Found a glowing silver altar of Zin.
  8212 | D:7      | Found a shimmering altar of Xom.
  8212 | D:7      | Noticed an angel
  8447 | D:7      | Reached XP level 10. HP: 77/81 MP: 9/9
  8543 | D:7      | Reached skill level 6 in Fighting
  9083 | D:8      | Noticed Maurice
  9442 | D:8      | Killed Maurice
  9443 | D:8      | Reached skill level 7 in Fighting
  9775 | D:8      | Found a radiant altar of Vehumet.
  9895 | D:8      | Found a shimmering blue altar of Sif Muna.
 10115 | D:9      | Noticed a centaur warrior
 10123 | D:9      | Killed a centaur warrior
 10124 | D:9      | Reached skill level 8 in Fighting
 10264 | D:9      | Noticed Erolcha
 10275 | D:9      | Killed Erolcha
 10410 | D:9      | Found a shadowy altar of Dithmenos.
 10411 | D:9      | Found a hazy altar of Hepliaklqana.
 10498 | D:9      | Noticed Jeremiah
 10512 | D:9      | Killed Jeremiah
 10513 | D:9      | Reached skill level 9 in Fighting
 10638 | D:9      | Reached XP level 11. HP: 57/97 MP: 10/10
 11200 | D:10     | Entered Level 10 of the Dungeon
 11200 | D:10     | Noticed a two-headed ogre
 11207 | D:10     | Killed a two-headed ogre
 11208 | D:10     | Reached skill level 10 in Fighting
 11321 | D:9      | HP: 1/99 [killer bee (6)]
 11557 | D:10     | Found a staircase to the Lair.
 11666 | D:10     | Found an opulent altar of Gozag.
 11707 | D:10     | Found Roax's Distillery.
 11745 | D:10     | Bought a potion of lignification for 51 gold pieces
 11745 | D:10     | Bought 2 potions of resistance for 340 gold pieces
 11745 | D:10     | Bought a potion of might for 68 gold pieces
 12030 | D:10     | Reached skill level 5 in Armour
 12138 | D:10     | Found a staircase to the Orcish Mines.
 12591 | D:10     | Noticed Erica
 12814 | D:10     | Killed Erica
 12944 | D:10     | Upgraded the game from 0.31-a0-702-gf82c85558f to
                  | 0.31-a0-703-gcfe89afef6
 13200 | D:10     | Acquired the +18 Lear's hauberk
 13200 | D:10     | Found the +18 Lear's hauberk
 13219 | D:10     | Acquired a +2 broad axe of electrocution
 13295 | Lair:1   | Entered Level 1 of the Lair of Beasts
 13311 | D:10     | Reached skill level 1 in Evocations
 13604 | Lair:1   | Reached XP level 12. HP: 106/106 MP: 11/11
 13744 | Lair:1   | Reached ***** piety under Trog
 13791 | Lair:1   | Identified the staff "Piryj" {rElec rF- rN+ Dex+5 Earth}
 14023 | Lair:2   | Noticed Sonja
 14028 | Lair:2   | Reached skill level 5 in Evocations
 14389 | Lair:2   | Killed Sonja
 14390 | Lair:2   | Reached skill level 1 in Shields
 14846 | Lair:2   | Reached skill level 5 in Shields
 14999 | Lair:2   | Found a staircase to the Shoals.
 15204 | Lair:2   | Reached XP level 13. HP: 97/113 MP: 12/12
 15751 | Lair:3   | Found a hole to the Spider Nest.
 15876 | Lair:3   | Received a gift from Trog
 16129 | Lair:3   | Identified the +0 leather armour of the Insatiable Suns
                  | {rF+ rC+}
 16242 | Lair:3   | Noticed Nergalle
 16249 | Lair:3   | Killed Nergalle
 16349 | Lair:3   | Reached skill level 10 in Evocations
 16362 | Lair:3   | Reached skill level 11 in Fighting
 17065 | Lair:4   | Reached skill level 12 in Fighting
 17523 | Lair:4   | Reached skill level 13 in Fighting
 17532 | Lair:4   | Found a staircase to the Slime Pits.
 17532 | Lair:4   | Found a viscous altar of Jiyva.
 17864 | Lair:5   | Entered Level 5 of the Lair of Beasts
 17871 | Lair:5   | Reached skill level 14 in Fighting
 18216 | Lair:5   | Reached ****** piety under Trog
 18235 | Lair:5   | Reached XP level 14. HP: 123/133 MP: 13/13
 18246 | Lair:5   | Received a gift from Trog
 18250 | Lair:5   | Reached skill level 15 in Fighting
 18563 | Lair:5   | Identified the +0 chain mail of Abluhees {rCorr}
 18658 | Lair:5   | Reached skill level 16 in Fighting
 19003 | Lair:5   | Reached skill level 17 in Fighting
 19363 | Lair:5   | Identified the ring "Sogudaf" {*Corrode Fly rN++ Dex+3
                  | Slay+4}
 19809 | Orc:1    | Entered Level 1 of the Orcish Mines
 19903 | Orc:2    | Entered Level 2 of the Orcish Mines
 20040 | Orc:1    | Received a gift from Trog
 20056 | Orc:1    | Noticed an orc warlord
 20066 | Orc:1    | Killed an orc warlord
 20070 | Orc:1    | Reached skill level 10 in Shields
 20111 | Orc:1    | Found a dark tunnel.
 20122 | Volcano  | Entered a volcano
 20373 | Volcano  | Found the +2 cloak of the Thief {*Fog Slay-2 SInv Stlth+}
 20808 | Orc:2    | Reached skill level 10 in Armour
 20829 | Orc:2    | Found a staircase to the Elven Halls.
 21098 | Orc:2    | Reached XP level 15. HP: 133/147 MP: 14/14
 21380 | Orc:2    | Received a gift from Trog
 21641 | Orc:2    | Found Fakhiwomp's Antique Weapon Boutique.
 21641 | Orc:2    | Found Ceqod's Antique Weapon Emporium.
 21887 | Orc:2    | Found Sirac's Armour Boutique.
 21996 | Orc:2    | Found Dualud's Distillery.
 22327 | D:11     | Reached skill level 10 in Dodging
 22778 | D:11     | Found a portal to a secret trove of treasure.
 23303 | D:12     | Found a gate leading to a gauntlet.
 23314 | Gauntlet | Entered a Gauntlet
 23314 | Gauntlet | Found a transporter.
 23314 | Gauntlet | Found a transporter.
 23314 | Gauntlet | Found a transporter.
 23336 | Gauntlet | Found a transporter.
 23336 | Gauntlet | Found a transporter.
 23336 | Gauntlet | Found a transporter.
 23346 | Gauntlet | Found a transporter.
 23350 | Gauntlet | Found a transporter.
 23360 | Gauntlet | Found a transporter.
 23466 | Gauntlet | Found a transporter.
 23467 | Gauntlet | Found a transporter.
 23478 | Gauntlet | Found a transporter.
 23681 | Gauntlet | Identified the ring "Zetzeschueg" {Wiz rElec Will+++ Str-2}
 23980 | D:12     | Noticed Psyche
 23988 | D:12     | Killed Psyche
 24140 | D:12     | Noticed Gastronok
 24151 | D:12     | Killed Gastronok
 25255 | D:13     | Identified the +2 ring mail of Wrong Decisions {Dex+7
                  | Slay-6 SInv}
 25387 | D:13     | Noticed Urug
 25417 | D:13     | Killed Urug
 25571 | D:13     | Received a gift from Trog
 25798 | D:13     | Reached skill level 18 in Fighting
 26567 | D:14     | Reached XP level 16. HP: 132/157 MP: 15/15
 26974 | D:14     | Found a gate to the Vaults.
 27493 | Spider:1 | Entered Level 1 of the Spider Nest
 27496 | Spider:1 | Noticed Rupert
 27802 | Spider:1 | Received a gift from Trog
 27803 | Spider:1 | Reached skill level 19 in Fighting
 27804 | Spider:1 | Killed Rupert
 28460 | Spider:1 | Noticed Puukheko's ghost (adept MfGl)
 28466 | Spider:1 | Found a runed translucent gate.
 28466 | Spider:1 | Found a runed translucent gate.
 28466 | Spider:1 | Found a runed translucent gate.
 28544 | Spider:1 | Received a gift from Trog
 28709 | Spider:1 | Noticed Roxanne
 28722 | Spider:1 | Killed Roxanne
 28956 | Spider:1 | Identified the +0 robe of Hide-and-Seek {rC+ rN+}
 29840 | D:11     | You paid a toll of +3 fire dragon scales to enter a
                  | treasure trove
 29841 | Trove    | Entered a treasure trove
 29844 | Trove    | Found the +1 cloak of Starlight {*Dazzle EV+4 Stlth--}
 29846 | Trove    | Found the +2 shield of Resistance {rF++ rC++ Will++}
 29851 | Trove    | Identified the +2 hat "Xuen" {MP+9}
 29853 | Trove    | Identified the scarf of Classification {harm, -Cast rElec
                  | rF+}
 29857 | Trove    | Identified the +1 ring mail of Perfidy {Harm Str-2 Slay+3}
 29858 | Trove    | Identified the +2 hat of the Beginning {Dex+4}
 29867 | Trove    | Identified the +1 pair of gloves of the Northern Lights
                  | {rC+ Will+}
 29869 | Trove    | Identified the +1 pair of gloves "Wyles" {Str+2 SInv
                  | Stlth+}
 29871 | Trove    | Identified the +1 hat of Evolution {Harm rF+ rC++ Str+4}
 29873 | Trove    | Identified the +0 plate armour "Ogeis" {rPois rCorr}
 29874 | Trove    | Identified the scarf of Elyvilon's Regard {repulsion,
                  | rCorr}
 30404 | Spider:3 | Reached skill level 15 in Shields
 30990 | Spider:3 | Reached skill level 20 in Fighting
 31288 | Spider:4 | Entered Level 4 of the Spider Nest
 31297 | Spider:4 | Reached XP level 17. HP: 170/170 MP: 16/16
 31440 | Spider:4 | Received a gift from Trog
 32207 | Spider:4 | Got a gossamer rune of Zot
 32767 | Spider:4 | Noticed Asterion
 32773 | Spider:4 | Killed Asterion
 32963 | Spider:4 | Noticed Arachne
 32976 | Spider:4 | Killed Arachne
 33328 | Shoals:1 | Entered Level 1 of the Shoals
 33498 | Spider:1 | Killed Puukheko's ghost
 33546 | Spider:1 | Identified the +0 pair of gloves of Honour {+Inv rElec}
 34000 | Vaults:1 | Entered Level 1 of the Vaults
 34192 | Vaults:1 | Received a gift from Trog
 34324 | Vaults:1 | Reached skill level 21 in Fighting
 34756 | Vaults:1 | Identified the +1 ring mail "Jiqazeju" {Harm Str-4 SInv}
 35133 | Vaults:1 | Reached XP level 18. HP: 177/182 MP: 17/17
 36600 | Vaults:2 | Received a gift from Trog
 37300 | Vaults:2 | Paralysed by a formless jellyfish for 1 turns
 37847 | Vaults:3 | Noticed Mennas
 37869 | Vaults:3 | HP: 3/182 [Mennas/+0 trishula of holy wrath (11)]
 37872 | Vaults:3 | Killed Mennas
 38428 | D:10     | Bought a potion of might for 68 gold pieces
 38428 | D:10     | Bought a potion of magic for 136 gold pieces
 38428 | D:10     | Bought a potion of heal wounds for 85 gold pieces
 38428 | D:10     | Bought a potion of might for 68 gold pieces
 38428 | D:10     | Bought a potion of mutation for 136 gold pieces
 38428 | D:10     | Bought a potion of invisibility for 136 gold pieces
 38428 | D:10     | Bought a potion of berserk rage for 85 gold pieces
 38548 | Orc:2    | Bought a potion of haste for 110 gold pieces
 38548 | Orc:2    | Bought a potion of resistance for 110 gold pieces
 38548 | Orc:2    | Bought a potion of resistance for 110 gold pieces
 38548 | Orc:2    | Bought a potion of curing for 33 gold pieces
 38548 | Orc:2    | Bought a potion of curing for 33 gold pieces
 38548 | Orc:2    | Bought a potion of resistance for 110 gold pieces
 38548 | Orc:2    | Bought a potion of heal wounds for 55 gold pieces
 38548 | Orc:2    | Bought a potion of haste for 110 gold pieces
 38548 | Orc:2    | Bought a potion of heal wounds for 55 gold pieces
 38746 | Vaults:3 | Noticed Sojobo
 38753 | Vaults:3 | Paralysed by an air elemental for 1 turns
 38755 | Vaults:3 | Paralysed by an air elemental for 1 turns
 38757 | Vaults:3 | Paralysed by an air elemental for 1 turns
 39324 | Vaults:3 | Noticed a lich
 39329 | Vaults:3 | Killed a lich
 39330 | Vaults:3 | Reached skill level 15 in Evocations
 39339 | Vaults:3 | Received a gift from Trog
 39782 | Vaults:3 | Reached XP level 19. HP: 71/191 MP: 18/18
 39795 | Vaults:3 | Killed Sojobo
 39796 | Vaults:3 | Reached skill level 22 in Fighting
 40261 | Vaults:3 | Found Leirch's General Store.
 40265 | Vaults:3 | Bought a scroll of teleportation for 48 gold pieces
 40265 | Vaults:3 | Bought a potion of might for 64 gold pieces
 40265 | Vaults:3 | Bought a potion of curing for 48 gold pieces
 40457 | Vaults:3 | Found a staircase to the Crypt.
 40457 | Vaults:3 | Found a basalt altar of Yredelemnul.
 40458 | Vaults:3 | Found an ancient bone altar of Kikubaaqudgha.
 41036 | Vaults:4 | Received a gift from Trog
 41760 | Vaults:4 | Found Gyc Wic's General Store.
 41769 | Vaults:4 | Bought a potion of heal wounds for 90 gold pieces
 42052 | Vaults:4 | Found a transporter.
 42078 | Vaults:4 | Found a transporter.
 42151 | Vaults:4 | Received a gift from Trog
 42446 | Vaults:4 | Identified the +1 hat of Oblivion {rPois Dex+2}
 42854 | Elf:1    | Entered Level 1 of the Elven Halls
 42951 | Elf:1    | Found a flickering gateway to a bazaar.
 42971 | Bazaar   | Entered a bazaar
 42979 | Bazaar   | Found Qamyreil's Book Shop.
 42988 | Bazaar   | Found Houbal's Antique Armour Shop.
 43361 | Elf:1    | Found a magical portal.
 43366 | WizLab   | Entered The Roulette of Golubria
 43366 | WizLab   | Found a transporter.
 43377 | WizLab   | Found a corrupted altar of Lugonu.
 43391 | WizLab   | Found a transporter.
 43414 | WizLab   | Found a transporter.
 43418 | WizLab   | Received a gift from Trog
 43426 | WizLab   | Found a transporter.
 43506 | WizLab   | Found a transporter.
 43506 | WizLab   | Found a transporter.
 43508 | WizLab   | Found a corrupted altar of Lugonu.
 43515 | WizLab   | Found a transporter.
 43515 | WizLab   | Found a transporter.
 43534 | WizLab   | Found a transporter.
 43534 | WizLab   | Found a transporter.
 43569 | WizLab   | Found a transporter.
 43569 | WizLab   | Found a transporter.
 43583 | WizLab   | Found a transporter.
 43583 | WizLab   | Found a transporter.
 43602 | WizLab   | Found a transporter.
 43602 | WizLab   | Found a transporter.
 43769 | WizLab   | Identified the +0 cloak "Ogafozuh" {rElec rN++ Will- SInv}
 43875 | WizLab   | Identified the +2 cloak of Oblivion {Int+3 Slay+2}
 43934 | WizLab   | Found a transporter.
 43934 | WizLab   | Found a transporter.
 43951 | WizLab   | Found a corrupted altar of Lugonu.
 43953 | WizLab   | Found a transporter.
 43953 | WizLab   | Found a transporter.
 44663 | Elf:1    | Reached XP level 20. HP: 189/200 MP: 19/19
 44709 | Elf:1    | Identified the staff "Dusch" {rPois Will+++ Str+4 Dex-3
                  | Poison}
 44845 | Elf:1    | Identified the +2 chain mail of Negligence {Regen+ rCorr}
 45142 | Elf:1    | Identified the +4 broad axe "Uwiklir" {freeze, rPois rC+
                  | Dex+2}
 45662 | Elf:2    | Reached skill level 15 in Armour
 45792 | Elf:2    | Received a gift from Trog
 46057 | Elf:2    | Found Jeevisam's Self-Published Books.
 46229 | Elf:2    | Found a runed translucent gate.
 46240 | Elf:2    | Found a runed translucent gate.
 46241 | Elf:2    | Found a runed translucent gate.
 47146 | Elf:3    | Entered Level 3 of the Elven Halls
 47152 | Elf:3    | Received a gift from Trog
 47347 | Elf:3    | Reached skill level 15 in Dodging
 47813 | Elf:3    | Received a gift from Trog
 47899 | Elf:3    | Identified the +9 dagger of Fundamental Breach {antimagic,
                  | rPois Str+2 Dex-4}
 48224 | Elf:3    | Identified the +6 short sword "Wappo" {heavy, Int+2}
 48455 | Elf:3    | Reached skill level 23 in Fighting
 48459 | Elf:3    | Reached XP level 21. HP: 192/211 MP: 20/20
 48469 | Elf:3    | Identified the +2 hand axe "Qimerula" {flame, +Blink Dex+4}
                  | (Trog gifted it to you on level 3 of the Elven Halls)
 48469 | Elf:3    | Received a gift from Trog
 49499 | Shoals:1 | Found Doiroale's Book Shoppe.
 49975 | Shoals:2 | Reached XP level 22. HP: 220/220 MP: 21/21
 49996 | Shoals:2 | Noticed Nikola
 50012 | Shoals:2 | Killed Nikola
 51535 | Shoals:3 | Received a gift from Trog
 52126 | Shoals:4 | Entered Level 4 of the Shoals
 53255 | Shoals:4 | Identified the +3 quarterstaff of Victory {heavy, Fragile
                  | Str+4 Int+3 Dex+2}
 53605 | Shoals:4 | Received a gift from Trog
 53947 | Shoals:4 | Got a barnacled rune of Zot
 53969 | Shoals:4 | Upgraded the game from 0.31-a0-703-gcfe89afef6 to
                  | 0.31-a0-705-ga145531891
 54192 | D:15     | Entered Level 15 of the Dungeon
 54246 | D:15     | Found a white marble altar of Elyvilon.
 54452 | D:15     | Found a staircase to the Depths.
 54804 | Depths:1 | Entered Level 1 of the Depths
 54988 | Depths:1 | Received a gift from Trog
 55088 | Depths:1 | Found a one-way gate leading to the halls of Pandemonium.
 55276 | Depths:1 | Found a gateway to Hell.
 55515 | Hell     | Entered the Vestibule of Hell
 55515 | Hell     | Noticed Geryon
 55518 | Hell     | Gained mutation: Your body sometimes deteriorates upon
                  | taking damage. [a cacodemon]
 55695 | Depths:1 | Reached XP level 23. HP: 162/226 MP: 22/22
 55869 | Depths:1 | Found a sacrificial altar of Ru.
 56114 | Depths:2 | Received a gift from Trog
 56378 | Depths:2 | Found a corrupted altar of Lugonu.
 56445 | Depths:2 | Found a one-way gate to the infinite horrors of the Abyss.
 56447 | Depths:2 | Found a corrupted altar of Lugonu.
 57080 | Depths:2 | Found a runed door.
 57655 | Depths:2 | Noticed an ancient lich
 57664 | Depths:2 | Killed an ancient lich
 57674 | Depths:2 | Identified the +3 plate armour "Cekun" {rPois Str-5 Dex+2}
 57675 | Depths:2 | Identified the +0 cloak "Raciarchioth" {rN+}
 57693 | Depths:2 | Identified the +7 halberd of Tortfeasance {vamp, *Corrode
                  | rC+ Int+3 Dex+3}
 57695 | Depths:2 | Identified the +7 battleaxe of Terra Cotta {elec, rF+ Int+2
                  | Dex+3}
 57697 | Depths:2 | Acquired the +3 pair of mountain boots {steadfast, rC+}
 57697 | Depths:2 | Found the +3 pair of mountain boots {steadfast, rC+}
 57703 | Depths:2 | Identified the +4 morningstar "Hell-Harrower" {antimagic,
                  | rN+ Dex+2}
 57871 | Depths:3 | Identified the ring of Epaebu {Ice Will+ rCorr Int+2 Dex+2}
 57871 | Depths:3 | Noticed Josephina
 57957 | Depths:3 | Killed Josephina
 58746 | Depths:3 | Found an iron altar of Okawaru.
 58987 | Depths:3 | Reached skill level 24 in Fighting
 58990 | Depths:3 | Reached skill level 1 in Throwing
 58990 | Depths:3 | Received a gift from Trog
 59658 | Depths:3 | Gained mutation: You are partially covered in iridescent
                  | scales. (AC +2) [a neqoxec]
 60305 | Depths:3 | Lost mutation: Your body sometimes deteriorates upon taking
                  | damage. [potion of mutation]
 60305 | Depths:3 | Lost mutation: You are partially covered in iridescent
                  | scales. (AC +2) [potion of mutation]
 60305 | Depths:3 | Gained mutation: You occasionally lose the ability to read
                  | scrolls when taking damage. [potion of mutation]
 60305 | Depths:3 | Gained mutation: You passively dampen the noise of your
                  | surroundings. [potion of mutation]
 60305 | Depths:3 | Gained mutation: You have sharp toenails. [potion of
                  | mutation]
 60306 | Depths:3 | Lost mutation: You passively dampen the noise of your
                  | surroundings. [potion of mutation]
 60306 | Depths:3 | Lost mutation: You occasionally lose the ability to read
                  | scrolls when taking damage. [potion of mutation]
 60306 | Depths:3 | Lost mutation: You have sharp toenails. [potion of
                  | mutation]
 60306 | Depths:3 | Gained mutation: You have sharp toenails. [potion of
                  | mutation]
 60306 | Depths:3 | Lost mutation: You have sharp toenails. [potion of
                  | mutation]
 60306 | Depths:3 | Gained mutation: You have very sharp teeth. [potion of
                  | mutation]
 60375 | Depths:4 | Entered Level 4 of the Depths
 60418 | Depths:4 | Reached skill level 5 in Throwing
 60810 | Depths:4 | Noticed a caustic shrike
 61052 | Depths:4 | Received a gift from Trog
 61076 | Depths:4 | Noticed a caustic shrike
 61077 | Depths:4 | Noticed a caustic shrike
 61077 | Depths:4 | Noticed a caustic shrike
 61558 | Depths:3 | Killed a caustic shrike
 61559 | Depths:3 | Reached XP level 24. HP: 140/238 MP: 22/22
 61764 | Depths:4 | Found a gate to the Realm of Zot.
 61793 | Depths:4 | Reached skill level 10 in Throwing
 62635 | Depths:4 | Acquired the +9 crystal plate armour of Nemelex Xobeh's
                  | Favour {+Inv Regen+}
 63129 | Slime:1  | Entered Level 1 of the Pits of Slime
 63238 | Slime:3  | Received a gift from Trog
 63327 | Slime:5  | Entered Level 5 of the Pits of Slime
 63418 | Slime:5  | Gained mutation: You sometimes lose your temper in combat.
                  | [a shining eye]
 63432 | Slime:5  | Gained mutation: Your spells are a little easier to cast,
                  | but a little less powerful. [a shining eye]
 63433 | Slime:5  | Paralysed by a formless jellyfish for 1 turns
 63437 | Slime:5  | Paralysed by a formless jellyfish for 1 turns
 63474 | Slime:5  | Gained mutation: Your spells are easier to cast, but less
                  | powerful. [a shining eye]
 63476 | Slime:5  | Noticed the Royal Jelly
 63477 | Slime:5  | Gained mutation: Your muscles are strong. (Str +4, Int/Dex
                  | -1) [a shining eye]
 63503 | Slime:5  | HP: 8/238 [acid blob[the Royal Jelly] (22)]
 63503 | Slime:5  | Killed from afar by an acid blob

Illustrated notes

Levels and vault maps discovered:
D:1:      mrwooster_arrival_statue_3, layout_basic
D:2:      cheibrodos_greedy_goblins, layout_basic, uniq_robin
D:3:      layout_loops_corners, biasface_ghost_orc_armoury, serial_shops,
          nicolae_shop_waterfront, kennysheep_generic_room_14
D:4:      layout_basic, nemelex_xobeh_ov_fountains_minmay,
          nzn_wu_jian_contemplation, uniq_crazy_yiuf_cottage, uniq_pikel,
          uniq_natasha
D:5:      layout_loops_ring, mainiacjoe_overflow_boulevard,
          overflow_temple_1_default, uniq_eustachio, uniq_prince_ribbit1
D:6:      layout_loops_cross, nicolae_qazlal_general_emergency,
          minmay_temple_entry_ruins, portal_sewer_entry_e, uniq_blork_the_orc,
          uniq_sigmund, uniq_maggie
D:7:      layout_loops_cross, grunt_temple_overflow_order_and_chaos_1
D:8:      layout_basic, nicolae_sif_muna_little_library, fiery_altar_vehumet,
          uniq_maurice
D:9:      lemuel_ice_statue, layout_long_grid,
          riverfiend_overflow_shadow_ancestor, minmay_microvault, uniq_erolcha,
          uniq_jeremiah
D:10:     layout_roguey [special_room_bee],
          nicolae_gozag_cash_rules_everything_around_me, david_orc_1_choice,
          serial_shops, nicolae_shop_peninsula, uniq_erica
D:11:     layout_loops_ring, special_room [special_room_orc], serial_demonic,
          serial_demonic_g, serial_demonic_g, serial_demonic_g,
          serial_demonic_g, enter_trove_6
D:12:     layout_layer_cave, gauntlet_entry_generic, uniq_psyche, uniq_gastronok
D:13:     layout_cave_pools, uniq_urug
D:14:     minmay_opposing_rooms, layout_long_grid,
          hellmonk_vaults_order_and_chaos, serial_park_gazebo
          [serial_park_minivault_5x5_8]
D:15:     grunt_enter_depths_magical_seal, layout_basic,
          nicolae_elyvilon_temple_path
Lair:1:   layout_cave_shapes, grunt_forest_small_clearings, minivault_23,
          evilmike_ambush [evilmike_ambush_outer_pillars,
          evilmike_ambush_inner_pond], serial_bayou_shore_a,
          lemuel_fruit_fields, lemuel_fruit_tree
Lair:2:   layout_layer_cave, elwin_shoals_entry_stream, special_room,
          cheibrodos_lair_lostbears, uniq_sonja
Lair:3:   layout_small_grid, nicolae_spider_entry_orb_guardian, special_room
          [special_room_mythical_zoo], uniq_nergalle
Lair:4:   layout_misc_corridors, nicolae_slime_entry_field_trip,
          eino_small_chamber_without_monster, dreamdust_gnoll_shepherd,
          grunt_megastairs_1, lemuel_fruit_fields, serial_bayou_shore_b
Lair:5:   hangedman_lair_in_review, layout_small_grid,
          hangedman_lair_caniforms_friends, nicolae_lair_lindhole
Shoals:1: layout_shoals, serial_shops, shop, nicolae_shoals_lost_giant_pillars
Shoals:2: layout_shoals, nicolae_shoals_siren_and_animal_friends, uniq_nikola
Shoals:3: layout_shoals, nicolae_shoals_sun_and_surf
Shoals:4: shoals_end_grunt_ice, layout_shoals
Spider:1: layout_spider_delve, gammafunk_ghost_split, hellmonk_motheaten_closet,
          uniq_roxanne, uniq_rupert
Spider:2: layout_spider_delve, nicolae_spider_cling_halls
Spider:3: layout_spider_delve
Spider:4: guppyfry_spider_rune, uniq_arachne, uniq_asterion
Slime:1:  layout_caves
Slime:2:  cheibrodos_slime_lost_civilization_9, layout_caves
Slime:3:  layout_caves
Slime:4:  layout_caves, cheibrodos_slime_lost_civilization_5
Slime:5:  slime_pit_nicolae_inversion
Orc:1:    layout_diamond_mine, nicolae_volcano_entry_vermiform,
          hangedman_minor_magic
Orc:2:    st_orc_town, layout_caves, library_closet, guppyfry_library_mini
Elf:1:    nicolae_elf_arrival_no_cutting_in_line, layout_loops_ring,
          serial_shops, bzr_entry_road, mu_enter_wizlab_2, evilmike_minifort,
          amcnicky_mini_rare_corridor_liquid,
          nicolae_concentric_dashed_squares_wild
Elf:2:    nicolae_elf_blades_splatter_lattice
          [nicolae_blade_entry_diamond_columns], layout_geoelf_grid,
          minmay_misc_feat_ornament, nicolae_custom_books
Elf:3:    minmay_elf_hall_dome, layout_loops_corners
Vaults:1: hangedman_vaults_slice, ontoclasm_vaults_tryst,
          nicolae_vaults_trapezoid_lopsided_3, nicolae_vaults_network_periphery,
          nicolae_vaults_trapezoid_lopsided_2, nicolae_vaults_prndl,
          nicolae_vaults_cochlea, v_alt_pattern_6, vaults_mumra_chevron,
          layout_vaults_omnibox
Vaults:2: nicolae_vaults_tetromino_T_2, nicolae_vaults_sealed_display,
          nicolae_vaults_closet_pinwheel_1, nicolae_vaults_double_plus_1,
          nicolae_vaults_house_3, layout_vaults_omnigrid, uniq_margery
Vaults:3: vaults_room_ringed_pool, nicolae_vaults_apartment_2,
          minmay_crypt_entry_necro_gods, nicolae_vaults_double_plus_2, v_misc_4,
          nicolae_vaults_big_ls, vaults_mumra_bighexcomb,
          nicolae_vaults_closet_pinwheel_3, v_pattern_4, vaults_dpeg_ring,
          layout_vaults_omnicross, serial_glass, serial_shops,
          nicolae_shop_back_alley_shop, uniq_mennas, uniq_sojobo
Vaults:4: vaults_room_large_hall, v_misc_22, v_misc_9, nicolae_vaults_theta,
          hangedman_vaults_hat, v_misc_16, nicolae_vaults_frosty_reception,
          vaults_room_semicircle, nicolae_vaults_cochlea,
          nicolae_vaults_more_shelving_1, gammafunk_the_bubble
          [the_bubble_gammafunk_split], grunt_vaults_swirl,
          nicolae_vaults_surprise_closet, layout_vaults_maze_bifur,
          serial_shops, shop
Depths:1: layout_cave_shapes, rand_demon_pan_entry_3, nicolae_sextant,
          grunt_hell_horde, serial_bayou_ford_a, nicolae_ru_the_path_less_chosen
Depths:2: evilmike_wizard_prison, layout_cave_pools, pan_entry,
          roderic_lattice_a, abyss_entry_flame_altar, serial_sigils,
          serial_sigils_hangedman_gut, serial_sigils_hangedman_carve,
          serial_sigils_hangedman_clutch, serial_sigils_hangedman_snap,
          serial_sigils_hangedman_gnaw, hell_entry, tgw_lugonu_bribe,
          serial_bayou_shore_b, minmay_staircase_statues
Depths:3: evilmike_iron_armoury, layout_basic, rand_demon_pan_entry_9,
          grunt_hell_entry_dis_grunt, abyss_entry, uniq_josephina
Depths:4: grunt_crosshair, layout_long_grid, enter_ziggurat_d,
          hangedman_geh_valley, rand_demon_pan_entry_4, minmay_hedge_maze
Hell

Skill      XL: |  1  2  3  4  5  6  7  8  9 10 11 12 13 14 15 16 17 18 19 20 21 22 23 24 |
---------------+-------------------------------------------------------------------------+-----
Fighting       | 4 5 9 10 14 17 18 20 21 22 23 24 | 24.0
Axes           | 4 5 8 10 13 15 17 18 20 21 22 23 | 23.1
Armour         | 3 8 9 10 12 13 14 16 | 16.0
Dodging        | 3 5 8 9 10 11 12 16 | 16.0
Evocations     | 2 8 10 12 15 18 20 | 20.0
Shields        | 6 10 15 17 | 17.0
Throwing       | 9 13 | 13.6

Action                     |  1- 3 |  4- 6 |  7- 9 | 10-12 | 13-15 | 16-18 | 19-21 | 22-24 || total
---------------------------+-------+-------+-------+-------+-------+-------+-------+-------++-------
  Melee: Hand axe          |    67 |   104 |   406 |   293 |       |       |       |       ||   870
         Headbutt          |    10 |    15 |    73 |    77 |   140 |   202 |   162 |   255 ||   934
         Punch             |       |     2 |     3 |     3 |       |       |       |       ||     8
         Shillelagh        |       |       |    18 |    12 |    24 |     5 |       |     2 ||    61
         Broad axe         |       |       |       |   142 |   726 |   823 |   691 |   961 ||  3343
         Bite              |       |       |       |       |       |       |       |    51 ||    51
  Throw: Dart              |       |       |       |     6 |       |       |       |       ||     6
         Boomerang         |       |       |       |       |       |       |     7 |       ||     7
         Javelin           |       |       |       |       |       |       |       |     6 ||     6
 Invoke: Berserk           |     3 |     1 |     6 |     2 |     2 |     5 |     1 |     1 ||    21
         Trog's Hand       |       |       |     5 |     3 |     2 |     1 |     1 |       ||    12
         Brothers in Arms  |       |       |       |     1 |     2 |     3 |       |     3 ||     9
  Evoke: Wand              |       |       |       |       |       |     1 |     1 |       ||     2
    Use: Scroll            |       |       |     6 |    20 |     9 |     7 |     3 |    10 ||    55
         Potion            |       |       |     1 |     1 |       |     9 |     1 |     8 ||    20
   Stab: Petrifying        |       |       |       |       |     1 |       |       |       ||     1
         Distracted        |       |       |       |       |     1 |       |     1 |       ||     2
 Armour: Animal skin       |    47 |     5 |       |       |       |       |       |       ||    52
         Chain mail        |       |    56 |   262 |   291 |   813 |   898 |   483 |   778 ||  3581
         Ring mail         |       |     9 |       |       |       |       |       |       ||     9
         Plate armour      |       |       |       |   104 |       |       |       |       ||   104
         Crystal plate arm |       |       |       |       |       |       |       |   156 ||   156
  Dodge: Dodged            |    32 |    37 |   147 |   229 |   440 |   405 |   241 |   604 ||  2135
  Block: Buckler           |       |       |       |    15 |   264 |     6 |       |       ||   285
         Kite shield       |       |       |       |       |       |   572 |   480 |   920 ||  1972

Table legend: (Time is in decaauts)
 A = Elapsed time spent in this place.
 B = Non-inter-level travel time spent in this place.
 C = Inter-level travel time spent in this place.
 D = Time resting spent in this place.
 E = Time spent auto-exploring this place.
 F = Levels seen in this place.
 G = Mean time per level.
                   A        B        C        D        E       F      G
               +--------+--------+--------+--------+--------+-----+--------+
         Total |  63809 |  58605 |   5204 |  13216 |  32546 |  53 | 1203.9 |
       Dungeon |  19231 |  17055 |   2176 |   2747 |  11132 |  15 | 1282.1 |
          Lair |   7525 |   6339 |   1186 |   1168 |   4152 |   5 | 1505.0 |
        Shoals |   5001 |   4884 |    117 |   1102 |   2971 |   4 | 1250.2 |
   Spider Nest |   5474 |   5187 |    287 |   1143 |   2693 |   4 | 1368.5 |
    Slime Pits |    373 |    373 |      0 |     99 |      0 |   5 |   74.6 |
  Orcish Mines |   2200 |   1996 |    204 |    340 |   1017 |   2 | 1100.0 |
   Elven Halls |   4478 |   4236 |    242 |    263 |   2970 |   3 | 1492.7 |
        Vaults |   8339 |   7740 |    599 |   2377 |   3826 |   4 | 2084.8 |
        Depths |   8077 |   7686 |    391 |   2886 |   3252 |   4 | 2019.2 |
          Hell |      5 |      5 |      0 |      0 |      0 |   1 |    5.0 |
        Bazaar |    367 |    367 |      0 |    300 |      7 |   1 |  367.0 |
         Trove |     75 |     75 |      0 |      0 |      0 |   1 |   75.0 |
         Sewer |    485 |    485 |      0 |      0 |    366 |   1 |  485.0 |
       Volcano |    348 |    348 |      0 |     92 |      0 |   1 |  348.0 |
        Wizlab |   1183 |   1183 |      0 |    507 |      0 |   1 | 1183.0 |
      Gauntlet |    642 |    642 |      0 |    191 |    160 |   1 |  642.0 |
               +--------+--------+--------+--------+--------+-----+--------+

Top non-repeatable levels by time:
Depths:3: 3567 daAuts
Vaults:3: 2501 daAuts
    D:10: 2404 daAuts
Depths:2: 2110 daAuts
Vaults:1: 1950 daAuts
Vaults:4: 1947 daAuts
Vaults:2: 1940 daAuts
     D:4: 1849 daAuts
Spider:4: 1807 daAuts
  Lair:5: 1775 daAuts
  Lair:2: 1711 daAuts
   Elf:3: 1649 daAuts
  Lair:3: 1641 daAuts
Spider:1: 1640 daAuts
   Orc:2: 1624 daAuts
